 Dungeon Crawl Stone Soup version 0.29.1-15-g9cfb28693d (webtiles) character file.

Game seed: 14767825959604415490

2385 BabyfaceFinlayson the Martial Artist (level 9, -3/61 HPs)
             Began as a Merfolk Transmuter on Feb 22, 2023.
             Was a Follower of Sif Muna.
             Slain by a hornet (14 damage)
             ... on level 7 of the Dungeon.
             The game lasted 00:20:11 (7758 turns).

BabyfaceFinlayson the Martial Artist (MfTm)         Turns: 7758, Time: 00:20:12

Health: -3/61      AC:  2    Str: 10    XL:     9   Next: 45%
Magic:  13/17      EV: 29    Int: 15    God:    Sif Muna [*.....]
Gold:   318        SH:  0    Dex: 21    Spells: 9/18 levels left

rFire   . . .      SeeInvis .     - Unarmed
rCold   . . .      Faith    .   (shield currently unavailable)
rNeg    . . .      Spirit   .   (body armour currently unavailable)
rPois   x          Reflect  .   (helmet currently unavailable)
rElec   .          Harm     .   (cloak currently unavailable)
rCorr   .          Rampage  .   (gloves currently unavailable)
Will    .....                   (boots currently unavailable)
Stlth   +++.......              (no amulet)
HPRegen 0.20/turn               k - +4 ring of evasion
MPRegen 0.15/turn               y - ring of wizardry

@: lethally poisoned (-3 -> -8), spider-form (expiring), wereblooded (expiring),
slowed, very slow
A: venomous fangs, tiny, (nimble swimmer 2), (mertail)
a: End Transformation, Renounce Religion, Channel Magic


You were on level 7 of the Dungeon.
You worshipped Sif Muna.
Sif Muna was aware of your devotion.
You were a venomous arachnid creature.
You visited 2 branches of the dungeon, and saw 8 of its levels.

You collected 318 gold pieces.

Inventory:

Armour
 a - a +0 robe (melded)
 h - a +0 pair of boots of stealth (melded)
Magical Staves
 m - a staff of earth
 w - a staff of conjuration
Jewellery
 k - a +4 ring of evasion (left front leg)
 y - a ring of wizardry (right front leg)
 z - an amulet of regeneration
 A - a ring of protection from fire
Wands
 v - a wand of acid (4)
 D - a wand of roots (5)
Scrolls
 d - 3 scrolls of brand weapon
 e - 3 scrolls of amnesia
 g - 3 scrolls of poison
 i - a scroll of acquirement {unknown}
 j - a scroll of vulnerability {unknown}
 r - 2 scrolls of teleportation {unknown}
 s - 2 scrolls of blinking {unknown}
 t - a scroll of magic mapping {unknown}
 u - a scroll of summoning {unknown}
 x - 3 scrolls of fog {unknown}
 E - a scroll of silence {unknown}
Potions
 b - a potion of lignification
 c - 4 potions of curing
 f - 2 potions of mutation
 l - 5 potions of heal wounds
 n - 2 potions of berserk rage
 o - a potion of invisibility {unknown}
 p - 2 potions of cancellation {unknown}
 q - a potion of flight {unknown}
 B - a potion of attraction {unknown}
 C - a potion of ambrosia {unknown}


   Skills:
 + Level 1.7 Fighting
 + Level 6.4 Dodging
 + Level 2.5 Stealth
 + Level 8.7 Unarmed Combat
 + Level 5.4 Spellcasting
 + Level 7.6 Transmutations
 + Level 3.2 Poison Magic


You had 9 spell levels left.
You knew the following spells:

 Your Spells              Type           Power      Damage    Failure   Level
a - Beastly Appendage     Tmut           54%        N/A       1%          1
b - Wereblood             Tmut           27%        N/A       2%          2
c - Spider Form           Tmut/Pois      20%        N/A       6%          3
d - Confusing Touch       Hex            4%         N/A       32%         3

Your spell library contained the following spells:

 Spells                   Type           Power      Damage    Failure   Level
 Magic Dart               Conj           16%        1d3       14%         1
 Slow                     Hex            16%        N/A       14%         1
 Call Imp                 Summ           4%         N/A       21%         2
 Mephitic Cloud           Conj/Pois/Air  7%         N/A       24%         3
 Ice Form                 Ice/Tmut       15%        N/A       26%         4
 Vampiric Draining        Necr           4%         2d6       32%         3


Dungeon Overview and Level Annotations

Branches:
Dungeon (7/15)             Temple (1/1) D:5

Altars:
Ashenzari
Cheibriados
Dithmenos
Elyvilon
Fedhas
Gozag
Hepliaklqana
Kikubaaqudgha
Makhleb
Nemelex Xobeh
Okawaru
Qazlal
Ru
Sif Muna
Trog
Uskayaw
Vehumet
Yredelemnul
Zin
The Shining One

Annotations:
D:6 2 transporters, Inglan's ghost, novice HOFi


Innate Abilities, Weirdness & Mutations

You are a venomous arachnid creature.
You have poisonous fangs.
You are tiny and dextrous.
Your spellcasting is less reliable in this form.
Your armour is entirely melded.
You are incapable of wielding weapons or throwing items.
((You are very nimble when in or above water. (Stealth+, EV+, Speed+++)))
((Your lower body shifts to a powerful aquatic tail in water.))


Message History

You bite the hornet!
The hornet is moderately wounded.
The hornet stings you!
You are poisoned.
You feel yourself slow down. The iguana completely misses you.
You hiss as the wereblood boils in your veins!
You feel extremely sick.
You hear a shout!
The hornet barely misses you. The hornet misses you.
The hornet completely misses you.
Unknown command.
You hiss as the wereblood boils in your veins!
Your primal bloodlust is almost over.
You feel very sick.
The orc wizard gestures wildly while chanting.
The orc wizard flickers and vanishes!
Deactivating autopickup; reactivate with Ctrl-A.
A kobold comes into view. It is wielding a +0 short sword.
The iguana closely misses you. The hornet stings you.
You feel as though you will be slow longer.
Items here: ))) ††.
You bite the iguana!
The iguana is poisoned.
The iguana is almost dead.
You hiss as the wereblood boils in your veins!
You feel very sick. The hornet stings you!
You feel as though you will be slow longer.
The iguana completely misses you.
An orc comes into view. It is wielding a +0 hand axe.
The hornet stings you!
* * * LOW HITPOINT WARNING * * *
You feel as though you will be slow longer.
The iguana attacks as you move away! The iguana misses you.
The hornet attacks as you move away! The hornet completely misses you.
Your transformation is almost over.
You feel sick.
You kill the iguana!
Sif Muna accepts your kill. The hornet stings you!
You die...

#########
##
........#
#######.#
#######.#
#......#
#.#
#.###.#.#
#)# #.#
#s#.# #.#
#.#
#y#.#####
#.# #.#
#oK..K...
#.####.#
#.......o
#......#
#)#####.#
########
#K# #.#
#o# ###
...


You could see a hornet, a kobold brigand, 2 orcs and a kobold.

Vanquished Creatures
  Pikel (D:5)
  Eustachio (D:5)
  Edmund (D:4)
  A water moccasin (D:6)
  A black bear (D:5)
  An ice beast (D:5)
  2 ogres
  3 phantoms (D:5)
  A kobold brigand (D:6)
  Blork the orc (D:6)
  5 killer bees (D:6)
  A howler monkey (D:4)
  3 hounds (D:6)
  A jelly (D:4)
  An orc priest (D:4)
  4 iguanas
  Ijyb (D:5)
  An orc wizard (D:7)
  9 adders
  11 gnolls
  2 ufetubi (D:4)
  3 worms
  5 dart slugs
  13 orcs
  6 ball pythons
  4 bats
  8 endoplasms
  11 giant cockroaches
  10 goblins
  9 hobgoblins
  2 jackals (D:5)
  7 kobolds
  3 quokkas
  8 frilled lizards
  3 rats
144 creatures vanquished.

Notes
Turn   | Place    | Note
-------+----------+-------------------------------------------
     0 | D:1      | BabyfaceFinlayson the Merfolk Transmuter began the quest
                  | for the Orb.
     0 | D:1      | Reached XP level 1. HP: 15/15 MP: 3/3
   178 | D:1      | Reached XP level 2. HP: 19/21 MP: 3/5
   533 | D:1      | Found a faded altar of an unknown god.
   537 | D:1      | Learned a level 2 spell: Wereblood
   698 | D:1      | Reached skill level 4 in Unarmed Combat
   703 | D:1      | Reached XP level 3. HP: 26/26 MP: 3/6
   707 | D:1      | Learned a level 3 spell: Spider Form
  1650 | D:2      | Found an opulent altar of Gozag.
  1691 | D:2      | Reached XP level 4. HP: 32/32 MP: 5/7
  2405 | D:2      | Reached XP level 5. HP: 28/37 MP: 3/9
  2639 | D:3      | Reached skill level 1 in Stealth
  2722 | D:3      | Learned a level 3 spell: Confusing Touch
  3922 | D:4      | Reached XP level 6. HP: 26/43 MP: 4/11
  4191 | D:4      | Noticed Edmund
  4208 | D:4      | Killed Edmund
  4209 | D:4      | Reached skill level 5 in Unarmed Combat
  4392 | D:4      | You fall into a shaft and drop 2 floors!
  4495 | D:6      | Reached skill level 5 in Transmutations
  4575 | D:6      | Noticed a water moccasin
  4671 | D:5      | Entered Level 5 of the Dungeon
  4693 | D:5      | Reached skill level 1 in Poison Magic
  4693 | D:5      | Reached XP level 7. HP: 48/48 MP: 6/12
  5009 | D:5      | Noticed Ijyb
  5021 | D:5      | Killed Ijyb
  5151 | D:5      | Noticed Eustachio
  5169 | D:5      | Killed Eustachio
  5170 | D:5      | Reached skill level 6 in Unarmed Combat
  5308 | D:5      | Reached XP level 8. HP: 41/54 MP: 11/14
  5639 | D:5      | Found a staircase to the Ecumenical Temple.
  5647 | Temple   | Entered the Ecumenical Temple
  5712 | Temple   | Became a worshipper of Sif Muna the Loreminder
  5818 | D:5      | Identified the +1 falchion of Gozag, Gnashing {vorpal, rF+
                  | rN+ Str-4 Dex+4}
  6311 | D:4      | Reached skill level 7 in Unarmed Combat
  6561 | D:4      | Reached * piety under Sif Muna
  6906 | D:5      | Noticed Pikel
  6920 | D:5      | Killed Pikel
  6921 | D:5      | Reached skill level 5 in Dodging
  6921 | D:5      | Reached skill level 8 in Unarmed Combat
  6921 | D:5      | Reached skill level 5 in Spellcasting
  6921 | D:5      | Reached XP level 9. HP: 60/61 MP: 14/16
  7114 | D:6      | Noticed Blork the orc
  7124 | D:6      | Killed Blork the orc
  7310 | D:6      | Noticed Inglan's ghost (novice HOFi)
  7316 | D:6      | Found a transporter.
  7316 | D:6      | Noticed a two-headed ogre
  7539 | D:6      | Found a transporter.
  7726 | D:7      | Noticed a hornet
  7758 | D:7      | Slain by a hornet

Illustrated notes

Levels and vault maps discovered:
D:1:      sevenhm_arrival_forest_fort_large_4, layout_loops_corners,
          hellmonk_ecumenical_altar_crossroads, minmay_3d_cube
D:2:      minmay_roachtagon, layout_loops_ring, basic_altar,
          wander_ebering_terrifying_dragon_lair
D:3:      layout_loops_ring, kennysheep_cross_bottleneck,
          minmay_fractal_squares_5
D:4:      layout_loops_cross, minivault_24, minmay_quadrilaterals, uniq_edmund
D:5:      layout_basic, minmay_temple_entry_tees, uniq_ijyb, uniq_eustachio,
          uniq_pikel
D:6:      layout_basic, gammafunk_ghost_smash, uniq_blork_the_orc
D:7:      layout_loops_ring, nicolae_wu_jian_glorious_leap
Temple:   compressed_dpeg_triangle_lava_temple

Skill      XL: |  1  2  3  4  5  6  7  8  9 |
---------------+----------------------------+-----
Dodging        | 3 4 5 6 |  6.4
Transmutations | 3 4 5 7 |  7.6
Unarmed Combat | 4 5 6 8 |  8.7
Stealth        | 1 2 |  2.5
Spellcasting   | 3 4 5 |  5.4
Poison Magic   | 1 2 3 |  3.2
Fighting       | |  1.7

Action                   |  1- 3 |  4- 6 |  7- 9 || total
-------------------------+-------+-------+-------++-------
Melee: Unarmed           |   107 |   167 |   198 ||   472
       Headbutt          |    13 |    16 |     9 ||    38
       Punch             |       |     3 |     2 ||     5
 Cast: Beastly Appendage |    24 |    27 |    13 ||    64
       Wereblood         |     2 |    10 |     5 ||    17
       Spider Form       |       |     9 |    20 ||    29
  Use: Scroll            |     3 |       |     4 ||     7
       Potion            |       |     1 |       ||     1
 Stab: Sleeping          |       |     2 |     1 ||     3
Armor: Robe              |    17 |    16 |     2 ||    35
       Skin              |       |       |     6 ||     6
Dodge: Dodged            |    60 |   133 |   231 ||   424
